 Dungeon Crawl Stone Soup version 0.29-a0-1006-g0dd7720b37 (webtiles) character file.

Game seed: 7207747115341905149

9 Elmgren the Ruffian (level 2, 29/29 HPs)
             Began as a Troll Fighter on Aug 6, 2022.
             Quit the game on level 1 of the Dungeon.
             The game lasted 00:00:56 (170 turns).

Elmgren the Ruffian (Troll Fighter)                  Turns: 170, Time: 00:00:56

Health: 29/29      AC:  4    Str: 23    XL:     2   Next: 6%
Magic:  1/1        EV:  8    Int:  4    God:
Gold:   8          SH:  7    Dex:  9    Spells: 1/1 levels left

rFire   . . .      SeeInvis .     - Unarmed
rCold   . . .      Faith    .   b - +0 kite shield
rNeg    . . .      Spirit   .   a - +0 robe
rPois   .          Reflect  .   (helmet restricted)
rElec   .          Harm     .   (no cloak)
rCorr   .          Rampage  .   (gloves unavailable)
Will    .....                   (boots unavailable)
Stlth   +.........              (no amulet)
HPRegen 0.89/turn               (no ring)
MPRegen 0.07/turn               (no ring)

@: no status effects
A: large, unfitting armour, claws 3, regeneration 1, shaggy fur 1, tough skin 1
a: no special abilities


You were on level 1 of the Dungeon.
You visited 1 branch of the dungeon, and saw 1 of its levels.

You collected 8 gold pieces.

Inventory:

Armour
 a - a +0 robe (worn)
 b - a +0 kite shield (worn)
Scrolls
 d - a scroll of torment {unknown}
 e - a scroll of immolation {unknown}
Potions
 c - a potion of might
 f - a potion of ambrosia {unknown}


   Skills:
 - Level 2.4 Fighting
 - Level 2.4 Dodging
 - Level 2.6 Shields
 + Level 2.8 Unarmed Combat


You had one spell level left.
You didn't know any spells.
Your spell library was empty.

Dungeon Overview and Level Annotations

Branches:
Dungeon (1/15) Zot: 5827

Altars:


Innate Abilities, Weirdness & Mutations

You are too large for most types of armour.
You have claws for hands.
Your natural rate of healing is unusually fast.
You are covered in fur. (AC +1)
You have tough skin. (AC +1)


Message History

You scratch the bat.
The bat is severely wounded.
The bat closely misses you. The dart slug launches a dart at you.
The slug dart hits you. The bat barely misses you.
The bat hits you but does no damage.
You barely miss the bat.
The bat is severely wounded.
The bat completely misses you. You block the bat's attack.
You closely miss the bat.
The bat is heavily wounded.
The bat barely misses you. The bat hits you. The bat closely misses you.
You miss the bat.
The bat is heavily wounded.
The bat barely misses you. You block the bat's attack.
The bat barely misses you. The dart slug barely misses you.
You claw the bat!
You kill the bat!
The dart slug launches a dart at you. The slug dart hits you.
You see here a bat corpse.
You claw the dart slug!
The dart slug is almost dead.
The dart slug launches a dart at you. You block the slug dart.
You claw the dart slug!
You kill the dart slug!
You have reached level 2!
You now have 8 gold pieces.
No target in view!
You see here a frilled lizard corpse.
You see here a frilled lizard corpse.
You see here a bat corpse.
A bat comes into view.
The bat moves out of view.
No target in view!
No target in view!
A bat is nearby!
Unknown command.
Are you sure you want to abandon this character and quit the game? (Confirm with "yes".)

#.#.###.# #.#.#
#.# #.#.# #.#
#.#.# #.# #.#.#
#.# #.#)# #.#
#.#.###.#
####.#.##..#
#..@......##
......#....####
..... #....#
..b. #....# ...
>.....# ..
#......# .
##.....#
##....#


You could see a bat.

Vanquished Creatures
  A dart slug (D:1)
  A bat (D:1)
  A giant cockroach (D:1)
  A goblin (D:1)
  A ball python (D:1)
  A frilled lizard (D:1)
  A kobold (D:1)
  A rat (D:1)
8 creatures vanquished.

Notes
Turn   | Place    | Note
-------+----------+-------------------------------------------
     0 | D:1      | Elmgren the Troll Fighter began the quest for the Orb.
     0 | D:1      | Reached XP level 1. HP: 22/22 MP: 0/0
   151 | D:1      | Reached XP level 2. HP: 29/29 MP: 1/1
   170 | D:1      | Quit the game

Illustrated notes

Levels and vault maps discovered:
D:1:      pf_arrival_petrified_forest, layout_rooms

Action                   || total
-------------------------++-------
Melee: Unarmed           ||    28
Armor: Robe              ||    15
Dodge: Dodged            ||    16
Block: Kite shield       ||     9

Table legend: (Time is in decaauts)
 A = Elapsed time spent in this place.
 B = Non-inter-level travel time spent in this place.
 C = Inter-level travel time spent in this place.
 D = Time resting spent in this place.
 E = Time spent auto-exploring this place.
 F = Levels seen in this place.
 G = Mean time per level.
                   A        B        C        D        E       F      G
               +--------+--------+--------+--------+--------+-----+--------+
         Total |    172 |    172 |      0 |      0 |    105 |   1 |  172.0 |
       Dungeon |    172 |    172 |      0 |      0 |    105 |   1 |  172.0 |
               +--------+--------+--------+--------+--------+-----+--------+

Top non-repeatable levels by time:
     D:1: 172 daAuts
